 Dungeon Crawl Stone Soup version 0.19-a0-569-g984bae3 (webtiles) character file.

707 shmeve the Ruffian (level 7, 0/55 HPs)
             Began as a Vampire Berserker on June 9, 2016.
             Was a Priest of Trog.
             Succumbed to Edmund's poison
             ... on level 4 of the Dungeon.
             The game lasted 00:09:36 (3341 turns).

shmeve the Ruffian (Vampire Berserker)              Turns: 3341, Time: 00:09:36

Health: 0/55       AC: 10    Str: 16    XL:     7   Next: 39%
Magic:  7/7        EV: 13    Int: 10    God:    Trog [***...]
Gold:   94         SH:  0    Dex: 15    Spells: 0 memorised, 6 levels left

rFire  . . .     SeeInvis +       - Unarmed
rCold  . . .     Gourm    .     i - +0 ring mail
rNeg   . . .     Faith    +     (no shield)
rPois  .         Spirit   .     (no helmet)
rElec  .         Dismiss  .     o - +0 cloak
rCorr  .         Reflect  .     (no gloves)
SustAt .         Harm     .     (no boots)
MR     ++...                    u - amulet of faith
Stlth  ++........               (no ring)
                                s - +4 ring of protection

@: lethally poisoned (0 -> -6), exhausted, regenerating, slowed, very slow, very
resistant to hostile enchantments, unstealthy
A: fangs 3, see invisible, unbreathing
a: Berserk, Trog's Hand, Burn Spellbooks, Renounce Religion


You were on level 4 of the Dungeon.
You worshipped Trog.
Trog was most pleased with you.
You were very full.

You visited 1 branch of the dungeon, and saw 4 of its levels.

You collected 94 gold pieces.

Inventory:

Armour
 i - a +0 ring mail (worn)
 o - a +0 cloak (worn)
Jewellery
 s - a +4 ring of protection (left hand)
 u - an amulet of faith (around neck)
Scrolls
 a - a scroll of recharging {unknown}
 c - a scroll of blinking {unknown}
 d - a scroll of enchant weapon {unknown}
 f - a scroll of identify {unknown}
 h - 4 scrolls of noise {unknown}
 l - a scroll of magic mapping {unknown}
 p - 2 scrolls of random uselessness {unknown}
 r - 2 scrolls of teleportation {unknown}
Potions
 b - 10 potions of blood
 e - 6 potions of curing {unknown}
 g - 2 potions of agility {unknown}
 j - 3 potions of cancellation {unknown}
 k - a potion of magic {unknown}
 m - a potion of berserk rage {unknown}
 n - a potion of lignification {unknown}
 q - a potion of flight {unknown}
 t - 2 potions of heal wounds {unknown}


   Skills:
 * Level 4.9 Fighting
 - Level 1.5 Armour
 * Level 5.1 Dodging
 + Level 4.3 Stealth
 * Level 5.7 Unarmed Combat


You had 6 spell levels left.
You didn't know any spells.

Dungeon Overview and Level Annotations

Branches:
Dungeon (4/15)
 Temple: D:4-7

Altars:


Innate Abilities, Weirdness & Mutations

Your natural rate of healing is unusually fast.
You have razor-sharp teeth.
You have supernaturally acute eyesight. (SInv)
You can survive without breathing.


Message History

You feel sick.
Found a grey potion.
Items here: ! ) [ † a flail of venom; a runed scale mail; a grey potion; the human corpse of Edmund You feel a strong urge to attack something.
* * * LOW HITPOINT WARNING * * *
You feel sick.
* * * LOW HITPOINT WARNING * * *
You feel sick.
You feel your anger subside.
You are no longer berserk.
You are exhausted.
You feel yourself slow down.
* * * LOW HITPOINT WARNING * * *
You feel sick.
* * * LOW HITPOINT WARNING * * *
You feel very sick.
Items here: ! ) [ † a flail of venom; a runed scale mail; a grey potion; the human corpse of Edmund Yummy - fresh blood!
You die...

##########
........!.
#.........
#.........
##.......
#.....# #.....#
#.....# #..@..#
#.....# #.....#
### #.....# #<#
#.....#
#..#.######.##
#..#......#.#
#..#......#.#
#..#......#.###


There were no monsters in sight!

Vanquished Creatures
  Grinder (D:3)
  Sigmund (D:3)
  Edmund (D:4)
  Crazy Yiuf (D:3)
  An orc priest (D:3)
  An orc wizard (D:3)
  A worker ant (D:4)
  4 adders (D:3)
  An adder skeleton (D:4)
  2 worms (D:2)
  2 dart slugs
  3 giant geckos
  12 orcs (D:3)
  2 ball pythons
  3 bats
  5 giant cockroaches
  6 goblins
  4 hobgoblins (D:2)
  8 jackals
  A quokka (D:3)
  3 giant newts
  4 kobolds
  7 rats
74 creatures vanquished.

Notes
Turn   | Place    | Note
--------------------------------------------------------------
     0 | D:1      | shmeve the Vampire Berserker began the quest for the Orb.
     0 | D:1      | Reached XP level 1. HP: 17/17 MP: 1/1
   331 | D:1      | Reached skill level 1 in Stealth
   331 | D:1      | Reached XP level 2. HP: 18/24 MP: 2/2
   749 | D:1      | Reached ** piety under Trog
  1145 | D:1      | Reached XP level 3. HP: 29/29 MP: 3/3
  1954 | D:3      | Noticed Grinder
  1956 | D:3      | Paralysed by Grinder for 3 turns
  1967 | D:3      | Killed Grinder
  1967 | D:3      | Reached XP level 4. HP: 37/37 MP: 4/4
  1967 | D:3      | Reached XP level 5. HP: 42/42 MP: 5/5
  2047 | D:3      | Noticed Crazy Yiuf
  2057 | D:3      | Killed Crazy Yiuf
  2057 | D:3      | Reached XP level 6. HP: 10/48 MP: 6/6
  2379 | D:3      | Noticed Sigmund
  2387 | D:3      | Killed Sigmund
  2387 | D:3      | Reached skill level 5 in Unarmed Combat
  2740 | D:3      | Reached *** piety under Trog
  2740 | D:3      | Reached XP level 7. HP: 31/55 MP: 7/7
  3299 | D:4      | Noticed Edmund
  3335 | D:4      | Killed Edmund
  3335 | D:4      | Reached skill level 5 in Dodging
  3341 | D:4      | Succumbed to Edmund's poison

Vault maps used:
D:1:      minmay_arrival_pointy, serial_curves, eino_curves_02, eino_curves_03
D:2:      lemuel_upstairs_altar, first_bread, columned_hall_lemuel, uniq_terence
D:3:      uniq_crazy_yiuf_cottage, uniq_sigmund, uniq_grinder
D:4:      kennysheep_mini_moat, minmay_overflow_temple_hex,
          minmay_temple_entry_statues_pillars, uniq_duvessa, uniq_edmund

Skill      XL: |  1  2  3  4  5  6  7 |
---------------+----------------------+-----
Fighting       | 3 4 |  4.9
Stealth        | 1 2 3 4 |  4.3
Dodging        | 4 5 |  5.1
Unarmed Combat | 4 5 |  5.7
Armour         | |  1.5

Action                   |  1- 3 |  4- 6 |  7- 9 || total
-------------------------+-------+-------+-------++-------
Melee: Unarmed           |   140 |    76 |    88 ||   304
       Bite              |    14 |     5 |    15 ||    34
       Punch             |     1 |       |     2 ||     3
Invok: Berserk           |     1 |     2 |     1 ||     4
       Trog's Hand       |       |       |     1 ||     1
  Use: Potion            |       |       |     1 ||     1
 Stab: Sleeping          |     1 |     3 |     2 ||     6
  Eat: Corpse            |    12 |     8 |     3 ||    23
Armor: Animal skin       |    21 |       |       ||    21
       Ring mail         |    15 |    28 |    24 ||    67
Dodge: Dodged            |    87 |    71 |    52 ||   210
